 Dungeon Crawl Stone Soup version 0.30.0-16-gbe6223bb7e (webtiles) character file.

Game seed: 17738881196968115216

88 Twinkles the Chopper (level 4, -2/41 HPs)
             Began as a Hill Orc Monk on May 20, 2023.
             Slain by Terence
             ... wielding a +0 falchion
              (10 damage)
             ... on level 2 of the Dungeon.
             The game lasted 00:02:38 (1092 turns).

Twinkles the Chopper (Hill Orc Monk)                Turns: 1092, Time: 00:02:39

Health: -2/41      AC:  3    Str: 15    XL:     4   Next: 54%
Magic:  4/4        EV: 12    Int: 10    God:
Gold:   40         SH:  0    Dex: 13    Spells: 3/3 levels left

rFire   . . .        a - +0 hand axe
rCold   . . .        d - orb {light}
rNeg    . . .        k - +0 leather armour
rPois   .            (no helmet)
rElec   .            (no cloak)
rCorr   .            (no gloves)
SInv    .            (no boots)
Will    .....        n - amulet of regeneration
Stlth   +            (no ring)
HPRegen 1.06/turn    (no ring)
MPRegen 0.09/turn

%: no passive effects
@: glowing
A: no striking features
a: no special abilities


You were on level 2 of the Dungeon.
You visited 1 branch of the dungeon, and saw 4 of its levels.

You collected 40 gold pieces.

Inventory:

Hand Weapons
 a - a +0 hand axe (weapon)
Missiles
 g - 6 javelins (quivered)
Armour
 b - a +0 robe
 d - an orb of light (worn)
 i - a +0 chain mail
 k - a +0 leather armour (worn)
Jewellery
 n - an amulet of regeneration (around neck)
Scrolls
 c - 3 scrolls of identify {unknown}
 h - a scroll of fear {unknown}
 m - a scroll of noise {unknown}
 o - a scroll of amnesia {unknown}
 p - a scroll of acquirement {unknown}
Potions
 e - 2 potions of curing {unknown}
 f - a potion of brilliance {unknown}
 j - 2 potions of mutation {unknown}
 l - a potion of cancellation {unknown}
 G - 2 potions of ambrosia


   Skills:
 + Level 4.5 Fighting
 * Level 6.1 Axes
 - Level 2.4 Dodging


You had 3 spell levels left.
You didn't know any spells.
Your spell library contained the following spells:

 Spells                   Type           Power      Damage    Failure   Level
 Summon Small Mammal      Summ           0%         N/A       43%         1
 Call Canine Familiar     Summ           0%         N/A       80%         3
 Summon Guardian Golem    Hex/Summ       0%         N/A       80%         3


Dungeon Overview and Level Annotations

Branches:
Dungeon (4/15) Zot: 22903
 Temple: D:4-7

Altars:

Annotations:
D:2 Terence


Message History

Terence is moderately wounded.
Terence barely misses you.
You barely miss Terence.
Terence is moderately wounded.
Terence hits you with a +0 falchion.
You barely miss Terence.
Terence is moderately wounded.
Terence hits you with a +0 falchion.
An endoplasm comes into view.
The endoplasm quivers.
You hit Terence.
Terence is heavily wounded.
Terence hits you but does no damage.
You barely miss Terence.
Terence is heavily wounded.
Terence hits you with a +0 falchion!
You hit Terence.
Terence is heavily wounded.
Terence closely misses you.
You barely miss Terence.
Terence is heavily wounded.
Terence hits you with a +0 falchion!
You hit Terence but do no damage.
Terence is heavily wounded.
Terence shouts, "Get ready for death!"
Terence hits you with a +0 falchion.
You hit Terence.
Terence is severely wounded.
Terence shouts, "DIE!!!"
Terence hits you with a +0 falchion.
You barely miss Terence.
Terence is severely wounded.
You hit the endoplasm. Terence hits you with a +0 falchion!
* * * LOW HITPOINT WARNING * * *
The endoplasm hits you but does no damage.
The endoplasm freezes you.
You are frozen.
* * * LOW HITPOINT WARNING * * *
Terence attacks as you move away! Terence hits you with a +0 falchion!
You die...

######## #......####
#.#@J...... #.#@##.###.
#.#.# ... ##### #@#.#
... #...#####.#.#.@...
#.#...............
######...#####..##.....
.........# #..# ..... .
#######.## #..# ... . .
#.# #..# #.# .#


You could see Terence and an endoplasm.

Vanquished Creatures
  Jessica (D:2)
  2 adders
  A dart slug (D:1)
  9 ball pythons
  2 endoplasms (D:2)
  5 goblins
  6 hobgoblins
  4 jackals (D:1)
  2 bats (D:1)
  A frilled lizard (D:1)
  5 kobolds
  4 rats
42 creatures vanquished.

Notes
Turn   | Place    | Note
-------+----------+-------------------------------------------
     0 | D:1      | Twinkles the Hill Orc Monk began the quest for the Orb.
     0 | D:1      | Reached XP level 1. HP: 19/19 MP: 1/1
    76 | D:1      | Reached XP level 2. HP: 14/27 MP: 2/2
    79 | D:1      | HP: 8/27 [jackal (2)]
    85 | D:1      | HP: 5/27 [jackal (1)]
   362 | D:1      | Reached skill level 5 in Axes
   454 | D:1      | Reached XP level 3. HP: 33/33 MP: 3/3
   679 | D:2      | Noticed Jessica
   693 | D:2      | Killed Jessica
   694 | D:2      | Reached XP level 4. HP: 40/41 MP: 4/4
   732 | D:2      | You fall into a shaft and drop 2 floors!
   767 | D:4      | Reached skill level 6 in Axes
  1020 | D:2      | Found a faded altar of an unknown god.
  1066 | D:2      | Noticed Terence
  1090 | D:2      | HP: 8/41 [Terence/+0 falchion (10)]
  1092 | D:2      | Slain by Terence

Illustrated notes

Levels and vault maps discovered:
D:1:      tarquinn_simple_flora_water_c, layout_rooms, minmay_tetromino_o4
D:2:      layout_loops_ring, shapermc_ecumenical_altar_venn, basic_altar,
          glass_columns_c, minmay_diced_spiral, uniq_crazy_yiuf_cottage,
          uniq_jessica, uniq_natasha, uniq_terence
D:3:      layout_basic, mainiacjoe_overflow_divided_tiny, serial_shops,
          nicolae_shop_crystal
D:4:      layout_layer_cave, general_overflow_altar, overflow_temple_1_default

Skill      XL: |  1  2  3  4 |
---------------+-------------+-----
Fighting       | 4 |  4.5
Axes           | 5 6 |  6.1
Dodging        | |  2.4

Action                     |  1- 3 |  4- 6 || total
---------------------------+-------+-------++-------
  Melee: Hand axe          |    78 |    36 ||   114
 Armour: Robe              |    10 |       ||    10
         Leather armour    |     1 |     5 ||     6
  Dodge: Dodged            |    53 |    17 ||    70
